 Dungeon Crawl Stone Soup version 0.27.1 (webtiles) character file.

Game seed: 1803916015341035135

139 nxtlvl the Cutter (level 5, 0/31 HPs)
             Began as a Deep Elf Monk on Sept 3, 2021.
             Slain by a howler monkey (7 damage)
             ... on level 4 of the Dungeon.
             The game lasted 00:13:58 (1215 turns).

nxtlvl the Cutter (Deep Elf Monk)                   Turns: 1215, Time: 00:14:00

Health: 0/31       AC:  2    Str:  5 (8)  XL:     5   Next: 1%
Magic:  7/7        EV: 13    Int: 14 (16) God:
Gold:   59         SH:  0    Dex: 14 (17) Spells: 4/4 levels left

rFire    . . .     SeeInvis .   a - +0 short sword
rCold    . . .     Faith    .   (no shield)
rNeg     . . .     Spirit   .   b - +0 robe
rPois    .         Reflect  .   (no helmet)
rElec    .         Harm     .   (no cloak)
rCorr    .         Rampage  .   (no gloves)
Will     .....                  (no boots)
Stlth    ++........             (no amulet)
HPRegen  0.10/turn              (no ring)
MPRegen  0.10/turn              (no ring)

@: flying
A: no striking features
a: no special abilities


You were on level 4 of the Dungeon.
You visited 1 branch of the dungeon, and saw 4 of its levels.

You collected 81 gold pieces.
You spent 22 gold pieces at shops.

Inventory:

Hand Weapons
 a - a +0 short sword (weapon)
 e - a +0 dagger of holy wrath
Missiles
 c - 4 boomerangs (quivered)
 l - 6 arrows
Armour
 b - a +0 robe (worn)
Magical Staves
 g - a staff of death
Scrolls
 d - a scroll of torment {unknown}
 h - a scroll of teleportation {unknown}
 i - a scroll of enchant weapon {unknown}
 m - a scroll of enchant armour {unknown}
 n - a scroll of amnesia {unknown}
Potions
 k - a potion of haste {unknown}


   Skills:
 - Level 2.4 Fighting
 * Level 5.7 Short Blades
 - Level 3.6 Dodging
 - Level 2.4 Stealth


You had 4 spell levels left.
You didn't know any spells.
Your spell library was empty.

Dungeon Overview and Level Annotations

Branches:
Dungeon (4/15)
 Temple: D:4-7

Altars:

Shops:
D:1 ?


Message History

The howler monkey is heavily wounded.
The howler monkey barely misses you.
The jackal bites you but does no damage.
You hit the howler monkey.
The howler monkey is heavily wounded.
The jackal bites you. The howler monkey hits you.
* * * LOW HITPOINT WARNING * * *
You closely miss the howler monkey.
The howler monkey is heavily wounded.
The jackal splashes around in the water.
The howler monkey hoots and howls with incredible vigour!
The howler monkey hits you but does no damage.
You hear a shout!
You hit the howler monkey.
The howler monkey is heavily wounded.
The jackal splashes around in the water.
The howler monkey closely misses you. The jackal completely misses you.
You closely miss the howler monkey.
The howler monkey is heavily wounded.
The howler monkey barely misses you. The jackal misses you.
You hit the howler monkey.
The howler monkey is heavily wounded.
The howler monkey hoots and howls with incredible vigour! x2
The jackal splashes around in the water.
You hear a shout! x7
You closely miss the howler monkey.
The howler monkey is heavily wounded.
The howler monkey misses you. The jackal barely misses you.
You barely miss the howler monkey.
The howler monkey is heavily wounded.
The jackal bites you.
* * * LOW HITPOINT WARNING * * *
The howler monkey misses you.
It was a potion of degeneration.
There was something very wrong with that liquid.
You feel weakened.
You feel dopey.
You feel clumsy. The jackal barely misses you.
The howler monkey hoots and howls with incredible vigour!
The howler monkey hits you!
You die...

############################
h...............P........†..
...h..........P.............
≈≈≈≈≈≈≈≈h≈h≈≈≈≈≈≈≈≈≈≈≈≈≈≈≈≈≈
≈≈≈≈≈≈≈≈≈≈≈@≈≈≈≈≈≈≈≈≈≈≈≈≈≈≈≈
≈≈h≈≈≈≈≈≈≈h≈≈≈≈≈≈≈≈≈≈≈#####≈
...?.....[h.......†...#og.#≈
#######################...#≈
#'###≈ #.#.≈≈ #.≈≈ #.≈≈ #.≈≈


You could see 3 howler monkeys and a jackal.

Vanquished Creatures
  A hound (D:4)
  6 gnolls (D:4)
  A dart slug (D:1)
  9 orcs
  4 bats (D:1)
  2 endoplasms (D:1)
  A giant cockroach (D:4)
  2 hobgoblins
  8 jackals (D:4)
  A quokka (D:1)
  4 ball pythons
  A kobold (D:1)
  A rat (D:1)
41 creatures vanquished.

Notes
Turn   | Place    | Note
-------+----------+-------------------------------------------
     0 | D:1      | nxtlvl the Deep Elf Monk began the quest for the Orb.
     0 | D:1      | Reached XP level 1. HP: 13/13 MP: 3/3
   167 | D:1      | Found Patzac's Magic Scroll Emporium.
   175 | D:1      | Bought a scroll of identify for 22 gold pieces
   181 | D:1      | Reached XP level 2. HP: 15/18 MP: 4/4
   526 | D:4      | Reached skill level 4 in Short Blades
   573 | D:4      | Found the +7 great mace "Firestarter" {inner flame, rF++}
   614 | D:4      | Reached XP level 3. HP: 22/22 MP: 5/5
   821 | D:4      | Reached XP level 4. HP: 26/27 MP: 6/6
   840 | D:4      | Reached skill level 5 in Short Blades
  1156 | D:4      | Reached XP level 5. HP: 31/31 MP: 7/7
  1215 | D:4      | Slain by a howler monkey

Illustrated notes

Levels and vault maps discovered:
D:1:      elethiomel_arrival_shortcut, layout_loops_corners,
          chequers_ecumenical_altar_simple_redux, serial_shops, shop
D:2:      layout_basic, st_stairs_6, uniq_jessica, uniq_terence
D:3:      layout_loops_ring
D:4:      lemuel_castle_with_subvaults [lemuel_castle_interior_carwin_1],
          layout_cave_pods, minivault_4

Skill      XL: |  1  2  3  4 |
---------------+-------------+-----
Short Blades   | 4 5 |  5.7
Fighting       | |  2.4
Dodging        | |  3.6
Stealth        | |  2.4

Action                   |  1- 3 |  4- 6 || total
-------------------------+-------+-------++-------
Melee: Short sword       |    56 |    64 ||   120
Throw: Dart              |    65 |     7 ||    72
       Boomerang         |       |    41 ||    41
  Use: Scroll            |     1 |       ||     1
       Potion            |       |     2 ||     2
 Stab: Sleeping          |     5 |     1 ||     6
Armor: Robe              |     9 |     5 ||    14
Dodge: Dodged            |    35 |    47 ||    82
